 Dungeon Crawl Stone Soup version 0.31-a0-1597-ge7908ec95f (webtiles) character file.

Game seed: 119828959022114470

3309 James the Cutter (level 10, -2/51 HPs)
             Began as a Vine Stalker Fighter on Jan 7, 2024.
             Was a Follower of Uskayaw.
             Slain by Erica
             ... wielding a +4 scimitar of flaming
              (3 damage)
             ... on level 8 of the Dungeon.
             The game lasted 00:36:07 (6535 turns).

James the Cutter (Vine Stalker Fighter)             Turns: 6535, Time: 00:36:08

Health: -2/51      AC:  9    Str: 19    XL:     10   Next: 1%
Magic:  0/14       EV: 10    Int:  8    God:    Uskayaw [*.....]
Gold:   1156       SH:  6    Dex: 24    Spells: 9/9 levels left

rFire   . . .        b - +2 dagger (venom)
rCold   . . .        c - +0 buckler
rNeg    . . .        J - +0 chain mail
rPois   .            s - +2 helmet
rElec   .            (no cloak)
rCorr   +            (no gloves)
SInv    .            k - +0 pair of boots
Will    +....        (no amulet)
Stlth   +            u - +6 ring of dexterity
HPRegen 1.08/turn    S - ring of resist corrosion
MPRegen 0.14/turn

%: guardian spirit
@: lethally poisoned (-2 -> -3), corroded
A: fangs 3, regeneration 1, magic shield, antimagic bite, no potion heal 2
a: Renounce Religion, Stomp


You were on level 8 of the Dungeon.
You worshipped Uskayaw.
Uskayaw was noncommittal.
You visited 2 branches of the dungeon, and saw 9 of its levels.

You collected 1574 gold pieces.
You spent 418 gold pieces at shops.

Inventory:

Hand Weapons
 a - a +0 rapier
 b - a +2 dagger of venom (weapon)
   (You found it on level 2 of the Dungeon)
 r - a +0 sling
   (You found it on level 3 of the Dungeon)
 v - a +4 short sword
   (You took it off an orc on level 7 of the Dungeon)
 B - a +1 trident of venom
   (You took it off an orc on level 4 of the Dungeon)
 I - a +0 long sword
   (You found it on level 5 of the Dungeon)
Missiles
 j - 97 stones
 l - 3 curare-tipped darts (quivered) {!f}
 w - 8 poisoned darts
 Y - 4 atropa-tipped darts
Armour
 c - a +0 buckler (worn)
 k - a +0 pair of boots (worn)
   (You bought it in a shop on level 1 of the Dungeon)
 m - a +0 robe
   (You found it on level 2 of the Dungeon)
 o - a +0 scale mail
   (You took it off a hobgoblin on level 2 of the Dungeon)
 s - a +2 helmet (worn)
   (You found it on level 4 of the Dungeon)
 y - a +0 robe
   (You found it on level 4 of the Dungeon)
 A - a +0 scale mail
 D - a +0 robe
   (You found it on level 4 of the Dungeon)
 J - a +0 chain mail (worn)
   (You found it on level 5 of the Dungeon)
 L - a +0 robe
   (You took it off an orc wizard on level 5 of the Dungeon)
 M - a +0 robe
   (You took it off an orc wizard on level 5 of the Dungeon)
 N - a +0 robe
   (You took it off an orc wizard on level 5 of the Dungeon)
 O - a +0 scale mail
   (You took it off an orc on level 6 of the Dungeon)
 P - a +0 leather armour
   (You took it off an orc priest on level 6 of the Dungeon)
 Q - a +0 leather armour
   (You took it off an orc on level 6 of the Dungeon)
 R - a +0 leather armour
   (You found it on level 6 of the Dungeon)
 T - a +0 robe
   (You took it off an orc wizard on level 6 of the Dungeon)
 U - a +0 robe
   (You found it on level 6 of the Dungeon)
 Z - a +0 scale mail
   (You found it on level 7 of the Dungeon)
Jewellery
 u - a +6 ring of dexterity (left hand)
   (You found it on level 3 of the Dungeon)
 S - a ring of resist corrosion (right hand)
   (You found it on level 6 of the Dungeon)
Wands
 i - a wand of charming (7)
   (You found it on level 8 of the Dungeon)
Scrolls
 f - 7 scrolls of teleportation {@r4}
 g - 3 scrolls of acquirement
 p - 2 scrolls of revelation
 x - a scroll of vulnerability {!r}
 C - 3 scrolls of immolation {unknown}
 E - a scroll of enchant armour {unknown}
 V - a scroll of poison {unknown}
 W - a scroll of enchant weapon {unknown}
Potions
 d - 3 potions of might
 e - 2 potions of degeneration {!q}
 h - a potion of cancellation
 n - a potion of resistance
 q - a potion of mutation {unknown}
 t - 2 potions of lignification {!q}
 z - a potion of enlightenment
 F - 2 potions of haste {@q3}
 G - a potion of berserk rage
 H - 2 potions of brilliance {unknown}
 K - a potion of ambrosia {unknown}
 X - 2 potions of curing {unknown}


   Skills:
 + Level 4.7 Fighting
 + Level 7.9 Short Blades
 + Level 3.7 Armour
 + Level 3.8 Dodging
 - Level 6.0 Stealth
 + Level 4.7 Shields
 + Level 4.6 Invocations


You had 9 spell levels left.
You didn't know any spells.
Your spell library contained the following spells:

 Spells                   Type           Power      Damage    Failure   Level
 Freeze                   Ice            0%         1d3       99%         1
 Mercury Vapours          Alch/Air       0%         N/A       100%        2
 Scorch                   Fire           0%         2d5       100%        2
 Call Canine Familiar     Summ           0%         N/A       100%        3
 Frozen Ramparts          Ice            0%         1d1       100%        3
 Hailstorm                Conj/Ice       0%         3d5       100%        3
 Inner Flame              Hex/Fire       0%         N/A       100%        3
 Mephitic Cloud           Conj/Alch/Air  0%         N/A       100%        3
 Sigil of Binding         Hex            0%         N/A       100%        3
 Animate Dead             Necr           0%         N/A       100%        4
 Dimensional Bullseye     Hex/Tloc       0%         N/A       100%        4
 Flame Wave               Conj/Fire      0%         2d4       100%        4
 Alistair's Intoxication  Alch           0%         N/A       100%        5
 Borgnjor's Vile Clutch   Necr/Erth      0%         N/A       100%        5
 Freezing Cloud           Conj/Ice/Air   0%         6-21      100%        5
 Irradiate                Conj/Alch      0%         3d11      100%        5
 Death Channel            Necr           0%         N/A       100%        6
 Eringya's Noxious Bog    Alch           0%         4d6       100%        6
 Summon Cactus Giant      Summ           0%         N/A       100%        6
 Haunt                    Necr/Summ      0%         N/A       100%        7
 Borgnjor's Revivificati  Necr           0%         N/A       100%        8
 Ignition                 Fire           0%         3d3       100%        8
 Death's Door             Necr           0%         N/A       100%        9


Dungeon Overview and Level Annotations

Branches:
Dungeon (8/15)             Temple (1/1) D:4
   Lair: D:8-11

Altars:
Cheibriados
Dithmenos
Fedhas
Hepliaklqana
Kikubaaqudgha
Makhleb
Nemelex Xobeh
Okawaru
Ru
Sif Muna
Trog
Uskayaw
Vehumet
Wu Jian
Xom
Yredelemnul

Shops:
D:1 **:   D:4 :=   D:8 !

Annotations:
D:8 Erica


Innate Abilities, Weirdness & Mutations

You have razor-sharp teeth.
Your natural rate of healing is unusually fast.
When hurt, damage is shared between your health and your magic reserves.
Your bite disrupts and absorbs the magic of your enemies.
Potions cannot restore your health.


Message History

Erica zaps a wand.
The bolt of acid hits you. You resist. Erica blocks your attack.
Your bite misses Erica.
You feel very sick.
Unknown command.
You hit Erica.
Erica looks as sick as possible!
Your bite misses Erica.
You feel sick.
Unknown command.
You hit Erica.
Erica looks as sick as possible!
You bite Erica.
Erica's magic leaks into the air.
You drain her magic.
You feel invigorated.
You feel sick. Erica hits you but does no damage. Erica closely misses you.
Unknown command.
You hit Erica.
You feel very sick.
You can now pass through a line of other dancers.
Unknown command.
You hit Erica.
Erica looks as sick as possible!
You bite Erica!
Erica's magic leaks into the air.
You drain her magic.
You feel sick.
Erica falters for a moment.
Unknown command.
You hit Erica.
Erica looks as sick as possible!
You feel sick.
Unknown command.
You hit Erica.
Erica looks as sick as possible!
Your bite misses Erica.
You feel sick.
Erica zaps a wand.
The bolt of acid hits you! You resist.
* * * LOW HITPOINT WARNING * * *
The acid corrodes you!
Unknown command.
You closely miss Erica. You bite Erica, but do no damage.
You feel sick.
Erica is no longer moving slowly.
You barely miss Erica. Your bite misses Erica.
You feel sick.
Erica hits you with a +4 scimitar of flaming.
* * * LOW HITPOINT WARNING * * *
Erica burns you.
* * * LOW HITPOINT WARNING * * *
Erica grabs you. Erica constricts you.
* * * LOW HITPOINT WARNING * * *
Okay, then.
Unknown command.
Press: ? - help, Dir - move target, p - Erica Erica appears confused.
Erica loses her grip on you.
Found a scroll of identify.
You can no longer pass through a line of other dancers.
You feel sick.
You feel sick.
Erica hits you with a +4 scimitar of flaming!
* * * LOW HITPOINT WARNING * * *
Erica burns you.
You die...

### #### ##.###..?.
##......# #####.....#
........(.# #######@.##
# #.# #x## #.#.# #.#
.#.## ##'## .... ##...##
######.## ##.....##
#.......##
#.......###.##.....#
#..........##.#......##
............'.........).


You could see Erica (confused, extremely poisoned, magic disrupted, reflecting).

Vanquished Creatures
  6 yaks (D:8)
  2 steam dragons
  An orc warrior (D:8)
  3 ice beasts (D:6)
  A black bear (D:6)
  An ogre (D:5)
  3 centaurs
  2 phantoms
  2 bullfrogs (D:7)
  A gnoll sergeant (D:8)
  4 bombardier beetles
  2 jellies (D:6)
  5 orc priests
  7 hounds
  4 iguanas
  3 sleepcaps
  4 orc wizards
  7 adders
  4 gnolls (D:8)
  4 shadow imps
  2 ufetubi (D:5)
  3 dart slugs
  24 orcs
  2 bats (D:1)
  9 endoplasms
  2 giant cockroaches
  5 goblins
  3 hobgoblins
  10 jackals
  3 quokkas
  4 ball pythons
  5 frilled lizards
  7 kobolds
  13 rats
158 creatures vanquished.

Notes
Turn   | Place    | Note
-------+----------+-------------------------------------------
     0 | D:1      | James the Vine Stalker Fighter began the quest for the Orb.
     0 | D:1      | Reached XP level 1. HP: 11/11 MP: 2/2
    30 | D:1      | Reached skill level 2 in Short Blades
    55 | D:1      | Found Ofonar's Assorted Antiques.
    69 | D:1      | Found Tiklebua's General Store.
   101 | D:1      | Found a faded altar of an unknown god.
   149 | D:1      | Reached XP level 2. HP: 16/16 MP: 3/3
   281 | D:1      | Reached skill level 3 in Short Blades
   282 | D:1      | Found Iplepia's Book Boutique.
   293 | D:1      | Reached XP level 3. HP: 19/19 MP: 4/4
  1009 | D:2      | Reached skill level 1 in Stealth
  1419 | D:3      | Reached XP level 4. HP: 23/23 MP: 5/5
  1488 | D:3      | Found a hazy altar of Hepliaklqana.
  2058 | D:1      | Bought a scroll labelled TIUWYECEOFO for 21 gold pieces
  2058 | D:1      | Bought a scroll labelled HAMEVV GAHOISO for 21 gold pieces
  2058 | D:1      | Bought a scroll labelled VUEFINOXZ SOEL for 21 gold pieces
  2058 | D:1      | Bought a scroll labelled VUEFINOXZ SOEL for 21 gold pieces
  2058 | D:1      | Bought a scroll labelled VUEFINOXZ SOEL for 21 gold pieces
  2106 | D:4      | Found Ygaeklet's Jewellery Emporium.
  2129 | D:4      | Reached XP level 5. HP: 28/28 MP: 6/6
  2147 | D:4      | Identified 4 scrolls of acquirement
  2196 | D:4      | Reached skill level 1 in Dodging
  2264 | D:4      | Acquired 1210 gold pieces
  2315 | D:1      | Bought a pair of boots for 94 gold pieces
  2331 | D:1      | Bought 4 curare-tipped darts for 62 gold pieces
  2331 | D:1      | Bought a scroll of revelation for 97 gold pieces
  2395 | D:4      | Found an iron altar of Okawaru.
  2437 | D:4      | Found Zovoir's Tiny Tomes.
  2518 | D:4      | Reached XP level 6. HP: 32/32 MP: 7/7
  2549 | D:4      | Found a staircase to the Ecumenical Temple.
  2559 | Temple   | Entered the Ecumenical Temple
  2575 | Temple   | Became a worshipper of Uskayaw the Reveller
  2629 | D:4      | Reached * piety under Uskayaw
  2630 | D:4      | Reached skill level 4 in Short Blades
  2685 | D:4      | Reached ** piety under Uskayaw
  3016 | D:5      | Entered Level 5 of the Dungeon
  3227 | D:5      | Found a snail-covered altar of Cheibriados.
  3588 | D:5      | Reached XP level 7. HP: 36/36 MP: 8/8
  3597 | D:5      | Reached *** piety under Uskayaw
  3818 | D:5      | Reached skill level 5 in Short Blades
  4202 | D:6      | Gained mutation: You have razor-sharp teeth. [Vine Stalker
                  | growth]
  4202 | D:6      | Reached XP level 8. HP: 40/40 MP: 9/9
  4353 | D:6      | Reached skill level 6 in Short Blades
  4464 | D:6      | Reached skill level 5 in Stealth
  4580 | D:6      | Reached skill level 1 in Invocations
  5129 | D:7      | Reached skill level 7 in Short Blades
  5155 | D:7      | Reached XP level 9. HP: 45/45 MP: 10/12
  6217 | D:8      | Reached **** piety under Uskayaw
  6219 | D:8      | Found Rifut's Distillery.
  6233 | D:8      | Bought a potion of berserk rage for 60 gold pieces
  6287 | D:8      | Reached ***** piety under Uskayaw
  6486 | D:8      | Reached XP level 10. HP: 42/51 MP: 14/14
  6520 | D:8      | Noticed Erica
  6535 | D:8      | HP: 1/51 [Erica/+4 scimitar of flaming (5)]
  6535 | D:8      | Slain by Erica

Illustrated notes

Levels and vault maps discovered:
D:1:      shiori_arrival_oz, layout_rooms, serial_shops, shop, shop, shop,
          shapermc_ecumenical_altar_totnotflames, minmay_heptomino_d4
D:2:      layout_basic, serial_forest, infiniplex_forest_split,
          infiniplex_forest_lined_corner, infiniplex_forest_straight_4,
          infiniplex_forest_lined_room_2, infiniplex_forest_clump_diagonal,
          infiniplex_forest_clump_diagonal, chequers_decorated_corner,
          chequers_serial_rivers_micro_e, grunt_decor_fettered,
          nicolae_figureground_sparkle
D:3:      layout_basic, nzn_hepliaklqana_mist_gate
D:4:      layout_gridville, okawaru_metal_pillars_1_2, temple_fountains,
          serial_shops, shop, nicolae_shop_i_like_small_books_too, hex_large
D:5:      layout_basic, mainiacjoe_overflow_cross_hatched
D:6:      layout_loops_ring, chequers_serial_rivers_small_a,
          minmay_misc_feat_secret_circle
D:7:      layout_rooms
D:8:      layout_loops_corners, serial_shops, shop, uniq_erica
Temple:   compressed_dpeg_triangle_lava_temple

Skill      XL: |  1  2  3  4  5  6  7  8  9 |
---------------+----------------------------+-----
Short Blades   | 2 3 4 5 7 |  7.9
Stealth        | 1 2 3 4 5 6 |  6.0
Fighting       | 3 4 |  4.7
Shields        | 3 4 |  4.7
Dodging        | 1 2 3 |  3.8
Armour         | 3 |  3.7
Invocations    | 2 4 |  4.6

Action                     |  1- 3 |  4- 6 |  7- 9 | 10-12 || total
---------------------------+-------+-------+-------+-------++-------
  Melee: Dagger            |   123 |   119 |   286 |     9 ||   537
         Bite              |    29 |    31 |   124 |     3 ||   187
         Rapier            |     4 |       |       |       ||     4
  Throw: Dart              |       |       |    14 |     1 ||    15
 Invoke: Line Pass         |       |       |       |     1 ||     1
    Use: Scroll            |       |    11 |     1 |       ||    12
   Stab: Sleeping          |       |     1 |       |       ||     1
         Paralysed         |       |       |     7 |       ||     7
 Armour: Scale mail        |    58 |    55 |    33 |       ||   146
         Chain mail        |       |       |   130 |     6 ||   136
  Dodge: Dodged            |    43 |    43 |    62 |     2 ||   150
  Block: Buckler           |    18 |    26 |    47 |       ||    91

Table legend: (Time is in decaauts)
 A = Elapsed time spent in this place.
 B = Non-inter-level travel time spent in this place.
 C = Inter-level travel time spent in this place.
 D = Time resting spent in this place.
 E = Time spent auto-exploring this place.
 F = Levels seen in this place.
 G = Mean time per level.
                   A        B        C        D        E       F      G
               +--------+--------+--------+--------+--------+-----+--------+
         Total |   6429 |   5823 |    606 |    502 |   2831 |   9 |  714.3 |
       Dungeon |   6397 |   5821 |    576 |    502 |   2831 |   8 |  799.6 |
        Temple |     32 |      2 |     30 |      0 |      0 |   1 |   32.0 |
               +--------+--------+--------+--------+--------+-----+--------+

Top non-repeatable levels by time:
     D:5: 1137 daAuts
     D:4: 837 daAuts
     D:2: 817 daAuts
     D:6: 816 daAuts
     D:8: 779 daAuts
     D:1: 708 daAuts
     D:3: 686 daAuts
     D:7: 613 daAuts
  Temple: 32 daAuts
